 Dungeon Crawl Stone Soup version 0.30.1-9-gdf580d7c3d (webtiles) character file.

Game seed: 5969240377934924565

372560 Zonian the Eclecticist (level 21, -8/137 HPs)
             Began as a Deep Elf Hedge Wizard on Oct 17, 2023.
             Was a High Priest of Ashenzari.
             Shot with a bolt by a yaktaur (16 damage)
             ... led by a yaktaur captain
             ... on level 5 of the Vaults on Oct 21, 2023.
             The game lasted 07:07:02 (116212 turns).

Zonian the Eclecticist (Deep Elf Hedge Wizard)    Turns: 116212, Time: 07:07:03

Health: -8/137     AC: 26    Str:  7    XL:     21   Next: 72%
Magic:  35/58      EV: 13    Int: 46    God:    Ashenzari [*****.]
Gold:   2710       SH: 11    Dex: 14    Spells: 2/65 levels left

rFire   . . .        Q - staff of conjuration
rCold   . . .        a - +1 buckler of Curses and Power {AC+3, Elem, Fort} (curse)
rNeg    . . .        u - +0 swamp dragon scales of Ouranomancy {Contam rPois Int+7, Alch, Self} (curse)
rPois   +            i - +3 crown of Dyrovepreva {rElec Int+2 SInv, Bglg, Elem} (curse)
rElec   +            p - +2 cloak of Ashenzari's Doubts {Self, Fort} (curse)
rCorr   +            t - +2 pair of gloves "Ruined Ennui" {Elem, Evo} (curse)
SInv    +            o - +2 pair of boots of Ashenzari's Shame {Fly, Comp, Alch} (curse)
Will    ++...        j - amulet "Chained Bitterness" {Reflect SH+5, Alch, Bglg} (curse)
Stlth   ++++         Y - ring of Ashenzari's Doubts {Int+6, Evo, Fort} (curse)
HPRegen 0.42/turn    c - ring "Gaze Upon Infinity" {rCorr MP+9, Melee, Range} (curse)
MPRegen 0.36/turn

%: reflection, clarity
@: brilliant, flying, studying Axes
A: no striking features
}: 2/15 runes: decaying, gossamer
a: Renounce Religion, Curse Item, Shatter the Chains


You were on level 5 of the Vaults.
You worshipped Ashenzari.
Ashenzari was extremely pleased with you.
You visited 8 branches of the dungeon, and saw 39 of its levels.

You collected 4750 gold pieces.
You spent 2040 gold pieces at shops.

Inventory:

Hand Weapons
 k - a +2 sling of electrocution
 x - a +5 short sword of flaming
 H - the +5 whip of the Equinox {vamp, rN++ Dex+3}
   (You found it on level 1 of the Lair of Beasts)

   Dex:       It affects your dexterity (+3).
   rN:        It greatly protects you from negative energy.
Missiles
 l - a boomerang of dispersal
 q - 94 poisoned darts
 J - 3 throwing nets
Armour
 a - the cursed +1 buckler of Curses and Power (worn) {AC+3, Elem, Fort}
   (You took it off a tengu warrior on level 13 of the Dungeon)

   It has a curse which improves the following skills: Elements: Fire Magic, Ice
   Magic, Air Magic and Earth Magic.
   Fortitude: Armour and Shields.
 i - the cursed +3 crown of Dyrovepreva (worn) {rElec Int+2 SInv, Bglg, Elem}
   (You found it on level 3 of the Elven Halls)

   Int:       It affects your intelligence (+2).
   rElec:     It insulates you from electricity.
   SInv:      It lets you see invisible.
   It has a curse which improves the following skills: Beguiling: Conjurations,
   Hexes and Translocations.
   Elements:  Fire Magic, Ice Magic, Air Magic and Earth Magic.
 o - the cursed +2 pair of boots of Ashenzari's Shame (worn) {Fly, Comp, Alch}
   (You found it on level 8 of the Dungeon)

   It has a curse which improves the following skills: Companions: Summonings
   and Necromancy.
   Alchemy:   Poison Magic and Transmutations.
 p - the cursed +2 cloak of Ashenzari's Doubts (worn) {Self, Fort}
   (You found it on level 2 of the Dungeon)

   It has a curse which improves the following skills: Introspection: Fighting
   and Spellcasting.
   Fortitude: Armour and Shields.
 t - the cursed +2 pair of gloves "Ruined Ennui" (worn) {Elem, Evo}
   (You found it on level 3 of the Dungeon)

   It has a curse which improves the following skills: Elements: Fire Magic, Ice
   Magic, Air Magic and Earth Magic.
   Evocations: Evocations.
 u - the cursed +0 swamp dragon scales of Ouranomancy (worn) {Contam rPois Int+7, Alch, Self}
   (You bought it in a shop on level 10 of the Dungeon)

   Int:       It affects your intelligence (+7).
   rPois:     It protects you from poison.
   Contam:    It causes magical contamination when unequipped.
   It has a curse which improves the following skills: Alchemy: Poison Magic and
   Transmutations.
   Introspection: Fighting and Spellcasting.
 w - a scarf of repulsion
Magical Staves
 Q - a staff of conjuration (weapon)
 U - a staff of earth
Jewellery
 c - the cursed ring "Gaze Upon Infinity" (right hand) {rCorr MP+9, Melee, Range}
   (You found it on level 2 of the Lair of Beasts)

   [ring of magical power]

   MP:        It affects your magic capacity (+9).
   rCorr:     It protects you from acid and corrosion.
   It has a curse which improves the following skills: Melee Combat: Short
   Blades, Long Blades, Axes, Maces & Flails, Polearms, Staves and Unarmed
   Combat.
   Ranged Combat: Ranged Weapons and Throwing.
 j - the cursed amulet "Chained Bitterness" (around neck) {Reflect SH+5, Alch, Bglg}
   (You took it off a deep elf blademaster on level 3 of the Elven Halls)

   [amulet of reflection]

   It reflects blocked missile attacks.
   SH:        It affects your SH (+5).
   It has a curse which improves the following skills: Alchemy: Poison Magic and
   Transmutations.
   Beguiling: Conjurations, Hexes and Translocations.
 y - a +5 ring of evasion
 C - a +4 ring of slaying
 Y - the cursed ring of Ashenzari's Doubts (left hand) {Int+6, Evo, Fort}
   (You took it off a wight on level 9 of the Dungeon)

   [ring of intelligence]

   Int:       It affects your intelligence (+6).
   It has a curse which improves the following skills: Evocations: Evocations.
   Fortitude: Armour and Shields.
Wands
 b - a wand of flame (68)
 E - a wand of paralysis (22)
 I - a wand of polymorph (11)
 K - a wand of mindburst (22)
 M - a wand of quicksilver (15)
 S - a wand of roots (28)
Scrolls
 f - 6 scrolls of vulnerability
 h - 11 scrolls of poison
 m - 9 scrolls of magic mapping
 r - 2 scrolls of butterflies
 A - 3 scrolls of brand weapon
 B - 2 scrolls of fear
 D - 3 scrolls of blinking
 G - 7 scrolls of enchant armour
 P - a scroll of silence
 R - 4 scrolls of fog
 T - 9 scrolls of teleportation
Potions
 d - 6 potions of cancellation
 e - 10 potions of curing
 s - 9 potions of ambrosia
 v - a potion of berserk rage
 z - 4 potions of resistance
 F - 2 potions of invisibility
 L - a potion of magic
 V - 8 potions of heal wounds
 W - 4 potions of haste
 X - 2 potions of brilliance
 Z - 4 potions of might
Miscellaneous
 n - a lightning rod (4/4)
 N - a tin of tremorstones (2/2)
 O - a box of beasts


   Skills:
 - Level 13.4(16.5) Fighting
 - Level 7.7(10.0) Short Blades
 + Level 7.7(9.9) Staves
 - Level 8.7(10.8) Ranged Weapons
 - Level 5.0(9.0) Armour
 - Level 10.8 Dodging
 - Level 10.8 Stealth
 - Level 1.8(4.6) Shields
 - Level 20.0(22.9) Spellcasting
 + Level 13.7(16.8) Conjurations
 - Level 12.0(15.1) Hexes
 - Level 6.0(8.1) Summonings
 - Level 15.9(18.0) Necromancy
 - Level 4.2(7.1) Translocations
 - Level 8.8(13.0) Transmutations
 - Level 10.8(15.0) Air Magic
 - Level 11.8(16.0) Earth Magic
 - Level 10.8(15.0) Poison Magic
 - Level 9.1(12.2) Evocations


You had 2 spell levels left.
You knew the following spells:

 Your Spells              Type           Power      Damage    Failure   Level
a - Magic Dart            Conj           100%       1d8       0%          1
b - Iron Shot             Conj/Erth      83%        9d15      1%          6
c - Blink                 Tloc           100%       N/A       1%          2
d - Mephitic Cloud        Conj/Pois/Air  100%       N/A       0%          3
e - Borgnjor's Vile Clut  Necr/Erth      71%        N/A       1%          5
f - Stone Arrow           Conj/Erth      100%       3d13      0%          3
g - Arcjolt               Conj/Air       82%        1d92      1%          5
h - Olgreb's Toxic Radia  Pois           100%       N/A       1%          4
i - Dispel Undead         Necr           100%       3d31      0%          4
j - Lee's Rapid Deconstr  Erth           70%        3d32*     1%          5
k - Fulminant Prism       Conj/Hex       83%        3d33      1%          4
l - Leda's Liquefaction   Hex/Erth       69%        N/A       1%          4
m - Statue Form           Tmut/Erth      90%        N/A       1%          6
n - Vhi's Electric Charg  Tloc/Air       100%       N/A       1%          3
p - Summon Lightning Spi  Summ/Air       100%       N/A       1%          4
q - Airstrike             Air            68%        2d(10-26) 1%          4

Your spell library contained the following spells:

 Spells                   Type           Power      Damage    Failure   Level
 Kiss of Death            Conj/Necr      100%       2d13      0%          1
 Sandblast                Erth           100%       2d20      0%          1
 Slow                     Hex            100%       N/A       0%          1
 Sting                    Tmut/Pois      100%       1d8       0%          1
 Cigotuvi's Dreadful Rot  Necr/Pois/Air  100%       N/A       0%          2
 Passwall                 Tmut/Erth      100%       N/A       0%          2
 Poisonous Vapours        Pois/Air       100%       N/A       0%          2
 Static Discharge         Conj/Air       100%       2-7/arc   0%          2
 Call Imp                 Summ           100%       N/A       1%          2
 Confusing Touch          Hex            100%       N/A       0%          3
 Spider Form              Tmut/Pois      100%       N/A       0%          3
 Anguish                  Hex/Necr       70%        N/A       0%          4
 Animate Dead             Necr           100%       N/A       0%          4
 Ignite Poison            Fire/Tmut/Pois 100%       N/A       1%          3
 Volatile Blastmotes      Fire/Tloc      100%       2d18      1%          3
 Cause Fear               Hex            68%        N/A       1%          4
 Iskenderun's Mystic Bla  Conj/Tloc      100%       2d19      1%          4
 Alistair's Intoxication  Tmut/Pois      89%        N/A       1%          5
 Freezing Cloud           Conj/Ice/Air   74%        6-21      1%          5
 Iskenderun's Battlesphe  Conj           100%       2d15      1%          5
 Eringya's Noxious Bog    Tmut/Pois      67%        N/A       1%          6
 Ozocubu's Armour         Ice            72%        N/A       3%          3
 Dragon Form              Tmut           65%        N/A       5%          7
 Haunt                    Necr/Summ      65%        N/A       5%          7
 Borgnjor's Revivificati  Necr           72%        N/A       5%          8
 Infestation              Necr           72%        N/A       5%          8
 Spellforged Servitor     Conj/Summ      77%        N/A       7%          7
 Necromutation            Tmut/Necr      69%        N/A       16%         8
 Maxwell's Capacitive Co  Air            68%        ∞         19%         8
 Death's Door             Necr           72%        N/A       63%         9
 Ozocubu's Refrigeration  Ice            36%        4d15      100%        7
 Dragon's Call            Summ           56%        N/A       100%        9


Dungeon Overview and Level Annotations

Branches:
Dungeon (15/15)            Temple (1/1) D:5            Lair (5/5) D:8
  Swamp (4/4) Lair:2       Spider (4/4) Lair:3        Slime (0/5) Lair:4
    Orc (2/2) D:10            Elf (3/3) Orc:2        Vaults (5/5) D:14
  Crypt (0/3) Vaults:2     Depths (0/4) D:15

Altars:
Ashenzari
Cheibriados
Elyvilon
Fedhas
Gozag
Hepliaklqana
Kikubaaqudgha
Makhleb
Ru
Trog
Vehumet
Wu Jian
Xom
Yredelemnul
Zin
Jiyva
Lugonu

Shops:
D:1 :   D:4 ?:[   D:10 [   Orc:2 :(*[   Elf:2 ?   Elf:3 **   Vaults:3 (
Vaults:4 :

Portals:
Abyss: Lair:3

Annotations:
D:2 Sigmund
Elf:2 3 runed translucent doors


Message History

The tentacled monstrosity is struck by an electric surge!!
The tentacled monstrosity is severely wounded.
The quicksilver dragon is struck by an electric surge!!!
The quicksilver dragon is heavily wounded.
The yaktaur is struck by an electric surge!!!!
You kill the yaktaur!
The redback is struck by an electric surge!!!!
You kill the redback!
The vault warden is struck by an electric surge!!
You kill the vault warden!
The yaktaur is struck by an electric surge!
The yaktaur is moderately wounded.
Your surroundings suddenly seem different.
A tentacled monstrosity comes into view.
A yaktaur comes into view.
The yaktaur captain wields a +0 arbalest.
The yaktaur captain shoots a bolt.
The bolt hits you!!
* * * LOW HITPOINT WARNING * * *
A yaktaur comes into view.
The deep elf demonologist casts a spell.
The yaktaur shoots a bolt.
The bolt hits you but does no damage.
The yaktaur shouts!
Your life force feels restored.
Blink to where?
Press: ? - help, Dir - move target
As you read the scroll of blinking, it crumbles to dust.
The stone giant shouts!
The deep elf demonologist seems less brilliant.
The deep elf demonologist casts a spell.
An ironbound preserver comes into view. It is wielding a +0 great mace.
The stone giant throws a large rock.
The large rock hits you!
* * * LOW HITPOINT WARNING * * *
The smoke demon gestures at you. The ball of steam hits you.
* * * LOW HITPOINT WARNING * * *
Unknown command.
The stone giant throws a large rock.
The large rock misses you.
The yaktaur wields a +0 arbalest of draining.
You sense an unholy aura.
The yaktaur shoots a bolt.
The bolt hits you!
You die...

##....,*#..#.#....#.....#.#.#****
....##,,,...C#..cc##3#Dc.#..#,∆∆,
#....,,,*#.p.#....#c#e..#.#.+∆∆∆,
......,,,,.........X.{......#,,,,
######*#####.......3#######******
,,,,,,,........[..§§...e...,,,,,,
,,,,,,,.......[<<.§........,,,,,,
,,,,,,,.......<§§§X........,,,,,,
,,,,,,,........§@§[........,,,,,,
****########..[§§[..#######******
,,*,...........§.[...D..,,,,,,,,,
,,*,..#......#....#.###.,,,,,,,,,
,,*,,,##.....#....#.#∆*******,,,,
,,*,,,,#.....#....#D#*∆,,,,,**,,,
,,*,,,,##....#....#..*∆,,,,,,,,,,
,,**,,,,###..#....#,,*,,,,***,,,,
,,,*,,,,,,####,,,,*,,**,,,*,***,*


You could see 2 tentacled monstrosities, an ironbound preserver (empowered), a
golden dragon, a stone giant, a yaktaur captain, a sun demon (summoned), a deep
elf high priest and 2 yaktaurs.

Vanquished Creatures
  Nikola (Vaults:1)
  Jorgrun (D:12)
  The ghost of bearlyready the Basher, an adept GnRe of Ashenzari (Elf:3)
  2 liches
  A titan (Vaults:5)
  2 deep elf master archers (Elf:3)
  4 deep elf blademasters (Elf:3)
  An acid blob (Elf:3)
  A sphinx (Vaults:3)
  An ancient champion (Vaults:2)
  A storm dragon (Vaults:3)
  3 shadow dragons
  An azure jelly (Elf:3)
  A tengu reaver (Vaults:4)
  A fenstrider witch (Swamp:1)
  2 rockslimes (Elf:3)
  11 vault wardens
  3 emperor scorpions
  5 ghost moths
  6 deep elf sorcerers
  A deep elf elementalist (Elf:3)
  The ghost of laqueoix the Executioner, a journeyman HOFi of Okawaru (Lair:5)
  An orc warlord (Vaults:3)
  20 ironbound preservers
  The ghost of Esekla the Eclecticist, a journeyman DEWn of Vehumet (Spider:3)
  A war gargoyle (Vaults:1)
  A quicksilver ooze (Elf:3)
  5 very ugly things
  5 broodmothers
  6 ironbound thunderhulks
  2 stone giants
  3 deep elf demonologists (Elf:3)
  Azrael (D:12)
  2 eleionomae (Swamp:1)
  6 deep elf annihilators (Elf:3)
  A spark wasp (Spider:4)
  10 dire elephants
  3 bunyips
  2 ettins
  8 deep elf death magi (Elf:3)
  3 great orbs of eyes
  Josephine (D:11)
  7 yaktaur captains
  The ghost of STONEBUILDER the Cleaver, a journeyman MiBe of Trog (D:11)
  4 entropy weavers
  2 shambling mangroves (Swamp:4)
  9 deep elf high priests
  Harold (Lair:2)
  30 vault guards
  An ice dragon (Lair:5)
  A peacekeeper (Vaults:1)
  15 hydras
  2 radroaches (Spider:3)
  A ghost crab (Swamp:2)
  The ghost of Runia the Fighter, a novice HOFi of Beogh (D:8)
  16 centaur warriors
  12 boulder beetles
  5 ironbound frosthearts
  9 death yaks
  5 two-headed ogres
  24 dancing weapons
  9 tengu warriors
  2 vampire magi (Vaults:2)
  3 orc high priests (Orc:2)
  18 deep elf knights
  4 hell knights (Vaults:4)
  2 skysharks
  4 pharaoh ants
  A death drake (Swamp:4)
  A goliath frog (Swamp:3)
  5 skeletal warriors (D:12)
  A sun moth (Spider:1)
  3 spriggan druids
  7 orb spiders
  44 deep trolls
  8 swamp dragons
  2 glowing orange brains
  12 deep elf archers
  9 wizards
  6 bog bodies
  6 steelbarb worms
  8 lindwurms
  25 deep elf pyromancers
  2 necromancers (Vaults:4)
  38 deep elf zephyrmancers
  15 ironbound convokers
  A golden dragon skeleton (Vaults:4)
  4 orc sorcerers
  4 will-o-the-wisps
  7 orc knights
  2 manticores (shapeshifter)
  A manticore (D:15)
  11 harpies
  A shining eye (Elf:3)
  28 ugly things
  A salamander (shapeshifter) (D:13)
  3 elephants (Lair:4)
  Maurice (D:13)
  8 cyclopes
  21 wolf spiders
  Joseph (Lair:1)
  3 black mambas
  3 moths of wrath
  3 demonic crawlers
  20 vault sentinels
  2 guardian serpents (shapeshifter)
  7 cane toads
  2 gargoyles
  7 torpor snails
  2 rime drakes
  A kobold demonologist (D:10)
  4 unseen horrors
  10 komodo dragons
  Psyche (D:8)
  24 yaktaurs
  An elf zombie (Vaults:4)
  3 freezing wraiths
  2 tengu conjurers
  11 tyrant leeches
  A polar bear (Lair:2)
  A queen bee (Lair:5)
  17 trolls
  A meliai (shapeshifter) (D:15)
  17 hornets
  Grinder (D:3)
  5 meliai
  8 saltlings (Orc:2)
  40 tarantellas
  19 blink frogs
  31 slime creatures
  17 culicivoras
  28 jumping spiders
  6 spriggans
  A centaur simulacrum (D:12)
  11 air elementals
  3 shadows
  33 yaks
  7 fire elementals
  7 wraiths
  6 wyverns
  3 water elementals
  8 basilisks
  4 vampire mosquitoes
  54 redbacks
  4 wargs (Orc:2)
  6 swamp worms
  2 hell hounds (D:12)
  3 acid dragons
  21 water moccasins
  2 glowing shapeshifter zombies (Vaults:4)
  A black bear (shapeshifter) (D:14)
  23 orc warriors
  The ghost of kaesle the Trooper, an amateur HOFi (D:3)
  A black bear (Lair:1)
  An ice beast (D:6)
  3 swamp drakes
  6 boggarts
  2 ogres
  12 wolves
  3 centaurs
  7 kobold brigands
  2 human zombies (Vaults:3)
  2 gnoll sergeants
  3 scorpions
  2 earth elementals
  12 bullfrogs
  6 wights
  21 killer bees
  A howler monkey (D:7)
  3 electric eels
  A lava snake (Lair:1)
  3 hounds
  An iron imp (D:5)
  15 orc priests
  A jelly (D:6)
  2 gnoll boudas (D:9)
  A sleepcap (D:4)
  21 orc wizards
  5 iguanas
  Robin (D:3)
  5 adders
  16 gnolls
  2 shadow imps
  2 white imps (D:6)
  An ufetubus (D:6)
  5 worms
  A dart slug (D:1)
  95 orcs
  11 ball pythons
  2 endoplasms
  5 giant cockroaches
  14 goblins
  A hobgoblin (shapeshifter) (D:14)
  11 hobgoblins
  4 jackals (D:3)
  6 quokkas
  2 bats
  3 frilled lizards
  37 kobolds
  6 rats
  A lurking horror (Lair:3)
1474 creatures vanquished.

Vanquished Creatures (collateral kills)
  A very ugly thing (Vaults:4)
  2 yaktaur captains (Vaults:3)
  A vault guard (Vaults:3)
  2 hydras (Swamp:4)
  An ironbound frostheart (Vaults:4)
  2 boulder beetles
  2 alligators
  4 goliath frogs
  A spriggan druid (Swamp:4)
  3 deep trolls (Vaults:3)
  5 bog bodies
  3 swamp dragons (Swamp:4)
  An orb spider (Spider:4)
  2 steelbarb worms (Spider:4)
  An ironbound convoker (Vaults:2)
  A deep elf zephyrmancer (Elf:2)
  2 lindwurms
  A necromancer (Swamp:1)
  A deep elf pyromancer (Elf:1)
  A wolf spider (Spider:4)
  An ugly thing (Vaults:2)
  A will-o-the-wisp (Swamp:3)
  A moth of wrath (Spider:4)
  2 demonic crawlers (Spider:4)
  2 yaktaurs (Vaults:3)
  3 tyrant leeches
  2 meliai (Spider:4)
  8 hornets
  2 tarantellas (Spider:4)
  3 jumping spiders (Spider:4)
  3 culicivoras (Spider:4)
  A yak (Lair:5)
  6 spriggans
  3 redbacks
  4 swamp worms
  3 vampire mosquitoes (Swamp:1)
  A hell hound (D:12)
  2 swamp drakes (Swamp:4)
  2 lava snakes (Lair:1)
87 creatures vanquished.

Vanquished Creatures (others)
  A swamp dragon (Swamp:2)
  2 deep elf zephyrmancers (Elf:1)
  A will-o-the-wisp (Swamp:2)
  3 bloated husks
  10 deep troll zombies (Vaults:3)
  A swamp worm (Swamp:2)
  3 human zombies (Vaults:3)
  A howler monkey (D:9)
  34 foxfires
  44 fulminant prisms
  2 spectral weapons
102 creatures vanquished.

Grand Total: 1663 creatures vanquished

Notes
Turn   | Place    | Note
-------+----------+-------------------------------------------
     0 | D:1      | Zonian the Deep Elf Hedge Wizard began the quest for the
                  | Orb.
     0 | D:1      | Reached XP level 1. HP: 10/10 MP: 7/7
   254 | D:1      | Found Herroh's Vocational Training.
   676 | D:1      | Reached XP level 2. HP: 15/15 MP: 6/9
  1562 | D:1      | Found a faded altar of an unknown god.
  1782 | D:2      | Reached XP level 3. HP: 19/19 MP: 5/10
  2147 | D:2      | Noticed Sigmund
  2684 | D:3      | Noticed an orc warrior
  2693 | D:3      | Noticed kaesle's ghost (amateur HOFi)
  3188 | D:3      | Noticed Robin
  3191 | D:3      | Noticed Grinder
  3222 | D:3      | Killed Robin
  3223 | D:3      | Reached XP level 4. HP: 21/24 MP: 10/12
  3314 | D:3      | Killed Grinder
  3315 | D:3      | Reached XP level 5. HP: 19/28 MP: 13/13
  3315 | D:3      | Reached XP level 6. HP: 22/32 MP: 14/14
  3380 | D:3      | Learned a level 1 spell: Slow
  3574 | D:3      | Found a runed translucent gate.
  3580 | D:3      | Found a runed translucent gate.
  3581 | D:3      | Found a runed translucent gate.
  4321 | D:4      | Found Weyff's Armour Emporium.
  4943 | D:4      | Found Zic Soti's Book Shoppe.
  5705 | D:3      | Reached XP level 7. HP: 36/36 MP: 3/15
  5793 | D:3      | Learned a level 2 spell: Blink
  7423 | D:4      | Found Butsuwazo's Magic Scroll Emporium.
  7427 | D:4      | Bought a scroll of teleportation for 33 gold pieces
  7499 | D:4      | Found a glowing silver altar of Zin.
  7583 | D:5      | Entered Level 5 of the Dungeon
  7659 | D:5      | Reached skill level 5 in Spellcasting
  8128 | D:5      | Noticed a steam dragon
  8392 | D:5      | Learned a level 3 spell: Mephitic Cloud
  8422 | D:5      | Reached skill level 1 in Air Magic
  8422 | D:5      | Reached skill level 1 in Poison Magic
  8429 | D:5      | Found a snail-covered altar of Cheibriados.
  8806 | D:5      | Reached XP level 8. HP: 36/41 MP: 13/18
  9601 | D:5      | Found a staircase to the Ecumenical Temple.
  9612 | Temple   | Entered the Ecumenical Temple
  9860 | Temple   | Became a worshipper of Ashenzari the Shackled
 11897 | D:6      | Reached * piety under Ashenzari
 11982 | D:7      | Noticed a troll
 12004 | D:7      | Killed a troll
 12500 | D:7      | Reached skill level 5 in Poison Magic
 12598 | D:7      | Reached ** piety under Ashenzari
 12701 | D:7      | Reached skill level 5 in Air Magic
 13191 | D:7      | Reached XP level 9. HP: 33/45 MP: 17/21
 13782 | D:7      | Learned a level 2 spell: Cigotuvi's Dreadful Rot
 14065 | D:8      | Reached skill level 1 in Necromancy
 15217 | D:8      | Found a staircase to the Lair.
 15239 | D:8      | Noticed a two-headed ogre
 15527 | D:8      | Found a runed translucent door.
 15527 | D:8      | Noticed Runia's ghost (novice HOFi)
 15527 | D:8      | Noticed a cyclops
 15603 | D:8      | Killed a two-headed ogre
 15774 | Lair:1   | Entered Level 1 of the Lair of Beasts
 15774 | Lair:1   | Identified the +1 scale mail of Opsum {rC+ Regen+ Str+3
                  | Dex+4}
 16142 | Lair:1   | Learned a level 3 spell: Stone Arrow
 16174 | Lair:1   | Reached *** piety under Ashenzari
 16321 | Lair:1   | Noticed Joseph
 16425 | Lair:1   | Reached skill level 1 in Earth Magic
 16430 | Lair:1   | Reached skill level 6 in Spellcasting
 16437 | Lair:1   | Reached XP level 10. HP: 50/50 MP: 4/24
 16683 | Lair:1   | Reached skill level 5 in Stealth
 17824 | Lair:1   | Reached skill level 7 in Spellcasting
 18511 | Lair:1   | Found a runed translucent door.
 18511 | Lair:1   | Identified the +5 whip of the Equinox {vamp, rN++ Dex+3}
 18526 | Lair:1   | Learned a level 5 spell: Arcjolt
 18534 | Lair:1   | Noticed a wolf spider
 19005 | Lair:1   | Killed a wolf spider
 19006 | Lair:1   | Reached skill level 5 in Dodging
 19010 | Lair:1   | Noticed a wolf spider
 19010 | Lair:1   | Found a runed translucent gate.
 19010 | Lair:1   | Found a runed translucent gate.
 19010 | Lair:1   | Noticed a boulder beetle
 19010 | Lair:1   | Noticed a boulder beetle
 19012 | Lair:1   | Found a runed translucent gate.
 19012 | Lair:1   | Found a runed translucent gate.
 19012 | Lair:1   | Found a runed translucent gate.
 19012 | Lair:1   | Found a runed translucent gate.
 19012 | Lair:1   | Noticed a lindwurm
 19012 | Lair:1   | Noticed a boulder beetle
 19012 | Lair:1   | Noticed a lindwurm
 19014 | Lair:1   | Identified the amulet "Qaot" {Faith Fly rN+ Will- Regen+}
 19423 | Lair:1   | Killed Joseph
 19424 | Lair:1   | Reached skill level 8 in Spellcasting
 19613 | Lair:1   | Killed a wolf spider
 20313 | Lair:2   | Noticed a five-headed hydra
 20836 | Lair:2   | Found a staircase to the Swamp.
 20848 | Lair:2   | Noticed a bog body
 20879 | Lair:2   | Killed a bog body
 20880 | Lair:2   | Reached XP level 11. HP: 54/54 MP: 21/28
 21031 | Lair:2   | Reached skill level 9 in Spellcasting
 21701 | Lair:2   | Identified the ring of Hulapunalim {rCorr MP+9}
 21871 | Lair:2   | Noticed Harold
 22301 | Lair:2   | Killed Harold
 24063 | Lair:3   | Found a hole to the Spider Nest.
 24331 | Lair:3   | Found a one-way gate to the infinite horrors of the Abyss.
 24331 | Lair:3   | Found a corrupted altar of Lugonu.
 24395 | Lair:3   | Learned a level 3 spell: Confusing Touch
 24395 | Lair:3   | Reached **** piety under Ashenzari
 24910 | Lair:3   | Identified the +1 ring mail of Indecent Exposure {rCorr
                  | Int+7 Slay-2}
 24988 | Lair:3   | Reached skill level 10 in Spellcasting
 25022 | Lair:3   | Reached skill level 1 in Short Blades
 25022 | Lair:3   | Reached skill level 5 in Hexes
 26020 | Lair:4   | Noticed an eight-headed hydra
 26277 | Lair:4   | Noticed a skyshark
 26589 | Lair:3   | Learned a level 4 spell: Dispel Undead
 26671 | Lair:4   | Found a viscous altar of Jiyva.
 26723 | Lair:4   | Found a staircase to the Slime Pits.
 26942 | Lair:4   | Noticed a death yak
 26942 | Lair:4   | Noticed a death yak
 27003 | Lair:4   | Reached skill level 11 in Spellcasting
 27003 | Lair:4   | Reached skill level 1 in Evocations
 27003 | Lair:4   | Reached XP level 12. HP: 60/60 MP: 31/31
 27559 | Lair:4   | Noticed a death yak
 28045 | D:8      | Noticed Psyche
 28048 | D:8      | Killed Psyche
 28299 | D:9      | Reached skill level 1 in Fighting
 28829 | D:9      | Noticed a two-headed ogre
 28835 | D:9      | Killed a two-headed ogre
 29950 | D:4      | Bought a book of Blasting for 560 gold pieces
 29956 | D:4      | Learned a level 5 spell: Lee's Rapid Deconstruction
 30512 | D:9      | Noticed a centaur warrior
 30527 | D:9      | Killed a centaur warrior
 30755 | D:9      | Noticed a five-headed hydra
 30819 | D:9      | Noticed a boulder beetle
 31047 | D:9      | Noticed a centaur warrior
 31071 | D:9      | Killed a boulder beetle
 31075 | D:9      | Killed a centaur warrior
 31076 | D:9      | Reached skill level 12 in Spellcasting
 31259 | D:9      | Reached skill level 5 in Earth Magic
 31558 | D:9      | Killed a five-headed hydra
 31774 | D:9      | Noticed a tengu warrior
 31793 | D:9      | Killed a tengu warrior
 32269 | D:10     | Entered Level 10 of the Dungeon
 33289 | D:10     | Reached skill level 1 in Shields
 33975 | D:10     | Found a staircase to the Orcish Mines.
 34768 | D:10     | Reached ***** piety under Ashenzari
 34782 | D:10     | Found George's Dragon-Slaying Spoils.
 35145 | D:11     | Learned a level 4 spell: Fulminant Prism
 35180 | D:11     | Reached XP level 13. HP: 62/75 MP: 15/34
 35514 | D:11     | Noticed STONEBUILDER's ghost (journeyman MiBe)
 35515 | D:11     | Found a transporter.
 35791 | D:11     | Noticed Josephine
 36224 | D:11     | Killed Josephine
 36225 | D:11     | Reached skill level 5 in Short Blades
 36829 | D:11     | Found a transporter.
 37145 | D:11     | Found a bloodstained altar of Trog.
 37145 | D:11     | Identified the +3 great sword "Erud" {flame, Int+7}
 38089 | D:12     | Noticed Azrael
 38169 | D:12     | Killed Azrael
 38170 | D:12     | Reached skill level 5 in Fighting
 38465 | D:12     | Noticed Jorgrun
 39014 | D:12     | Identified the Compilation of Darkness
 39223 | D:12     | Killed Jorgrun
 41346 | D:13     | Noticed Maurice
 41352 | D:13     | Reached skill level 13 in Spellcasting
 41358 | D:13     | Killed Maurice
 41599 | D:13     | Found a radiant altar of Vehumet.
 42536 | D:14     | Learned a level 4 spell: Leda's Liquefaction
 42568 | D:14     | Reached XP level 14. HP: 60/84 MP: 31/36
 43056 | D:14     | Found an ornate altar of the Wu Jian Council.
 43901 | D:14     | Reached skill level 10 in Stealth
 45117 | D:14     | Reached skill level 5 in Necromancy
 46648 | D:14     | Reached skill level 10 in Hexes
 47135 | D:13     | Learned a level 6 spell: Statue Form
 47714 | D:14     | Reached skill level 1 in Transmutations
 48611 | D:14     | Found a gate to the Vaults.
 49233 | Lair:4   | Reached skill level 10 in Conjurations
 50188 | Lair:5   | Entered Level 5 of the Lair of Beasts
 50579 | Lair:5   | Reached skill level 5 in Transmutations
 51239 | Lair:5   | Found a runed translucent door.
 52313 | Lair:5   | Found a transporter.
 52315 | Lair:5   | Found a transporter.
 53244 | Lair:5   | Noticed laqueoix's ghost (journeyman HOFi)
 53797 | Lair:5   | Reached skill level 14 in Spellcasting
 53868 | Lair:5   | Identified the cursed +2 pair of gloves "Ruined Ennui"
                  | {Elem, Evo} (You found it on level 3 of the Dungeon)
 53868 | Lair:5   | Identified the cursed +1 pair of boots "Bound Apathy"
                  | {Elem, Alch} (You found it on level 2 of the Dungeon)
 53868 | Lair:5   | Identified the cursed +0 troll leather armour of the
                  | Unyielding Gaze {Regen+, Comp, Range} (You found it on
                  | level 7 of the Dungeon)
 54241 | Lair:5   | Reached XP level 15. HP: 76/92 MP: 32/38
 54716 | Lair:5   | Learned a level 3 spell: Vhi's Electric Charge
 55104 | D:15     | Entered Level 15 of the Dungeon
 55484 | D:15     | Found a staircase to the Depths.
 56476 | D:15     | Found a shimmering altar of Xom.
 57190 | D:15     | Learned a level 2 spell: Passwall
 57524 | Orc:1    | Entered Level 1 of the Orcish Mines
 57859 | Orc:2    | Entered Level 2 of the Orcish Mines
 57986 | Orc:2    | Reached skill level 10 in Earth Magic
 58796 | Orc:2    | Found a staircase to the Elven Halls.
 59210 | Orc:2    | Reached skill level 1 in Armour
 59723 | Orc:2    | Found Niusk's Book Shoppe.
 59762 | Orc:2    | Reached skill level 10 in Dodging
 59955 | Orc:2    | Found Vygosh's Assorted Antiques.
 59957 | Orc:2    | Found Unaced's Weapon Shoppe.
 59964 | Orc:2    | Bought an encrusted silver ring for 160 gold pieces
 59964 | Orc:2    | Bought 3 scrolls of teleportation for 288 gold pieces
 59964 | Orc:2    | Bought a scroll labelled BUEBEG RISUPN for 32 gold pieces
 60130 | Orc:2    | Found Wah Inui's Antique Armour Boutique.
 60955 | D:10     | Bought the +0 swamp dragon scales "Hafaschaa" {Contam rPois
                  | Int+7} for 859 gold pieces
 61113 | Spider:1 | Entered Level 1 of the Spider Nest
 63271 | Spider:1 | Reached XP level 16. HP: 100/100 MP: 29/40
 64553 | Spider:1 | Reached skill level 15 in Spellcasting
 68122 | Spider:2 | Found a runed translucent door.
 68928 | Spider:2 | Reached skill level 16 in Spellcasting
 69273 | D:8      | Killed Runia's ghost
 69300 | D:8      | Identified the +2 robe "Uranwoudghi" {rF+ Will+ Slay+2
                  | Archmagi}
 70550 | Spider:3 | Reached skill level 5 in Evocations
 70811 | Spider:3 | Identified the +5 flail of Exzeg {spect, rPois rC+++ rCorr
                  | Int-3}
 70937 | Spider:3 | Found a runed translucent door.
 70937 | Spider:3 | Noticed Esekla's ghost (journeyman DEWn)
 70937 | Spider:3 | Identified the +1 whip of the Common Good {freeze, Stlth+}
 70937 | Spider:3 | Identified the ring "Sekhum" {Will+ rCorr}
 71975 | Spider:4 | Entered Level 4 of the Spider Nest
 72883 | Spider:3 | Learned a level 4 spell: Summon Lightning Spire
 74508 | Spider:4 | Reached skill level 17 in Spellcasting
 74563 | Spider:4 | Reached XP level 17. HP: 108/108 MP: 40/44
 76518 | Spider:4 | Got a gossamer rune of Zot
 76535 | Spider:4 | Identified the orb of the Evening {mayhem, rPois}
 77074 | Swamp:1  | Entered Level 1 of the Swamp
 77605 | Swamp:1  | Reached skill level 10 in Air Magic
 78245 | Swamp:1  | Identified Juajote's Vellum of the Hornet
 79029 | Swamp:1  | Reached skill level 5 in Summonings
 82686 | Swamp:3  | Reached skill level 5 in Armour
 83001 | Swamp:4  | Entered Level 4 of the Swamp
 83010 | Swamp:4  | Reached skill level 1 in Ranged Weapons
 83499 | Swamp:4  | Identified the +3 chain mail "Xujenti" {Str+3}
 84968 | Swamp:4  | Reached skill level 10 in Necromancy
 84972 | Swamp:4  | Reached XP level 18. HP: 113/114 MP: 39/45
 85323 | Swamp:4  | Got a decaying rune of Zot
 86365 | Elf:1    | Entered Level 1 of the Elven Halls
 86789 | Elf:1    | Found a radiant altar of Vehumet.
 86996 | Elf:1    | Reached skill level 5 in Ranged Weapons
 89490 | Elf:2    | Found Tudovel's Magic Scroll Shoppe.
 89516 | Elf:2    | Paralysed by an air elemental for 1 turns
 89520 | Elf:2    | Paralysed by an air elemental for 1 turns
 89530 | Elf:2    | Paralysed by an air elemental for 1 turns
 89538 | Elf:2    | Paralysed by an air elemental for 1 turns
 90109 | Elf:2    | Paralysed by an air elemental for 1 turns
 90548 | Elf:2    | Learned a level 4 spell: Airstrike
 90622 | Elf:2    | Found a runed translucent gate.
 90623 | Elf:2    | Found a runed translucent gate.
 90624 | Elf:2    | Found a runed translucent gate.
 90743 | Elf:2    | Bought 3 scrolls of teleportation for 108 gold pieces
 91045 | Elf:2    | Reached skill level 10 in Fighting
 91278 | Elf:2    | Reached skill level 1 in Staves
 91879 | Elf:3    | Entered Level 3 of the Elven Halls
 91881 | Elf:3    | Paralysed by an air elemental for 1 turns
 91933 | Elf:3    | Paralysed by an air elemental for 1 turns
 92052 | Elf:3    | Paralysed by an air elemental for 1 turns
 92105 | Elf:3    | Found a runed translucent gate.
 92105 | Elf:3    | Found a runed translucent gate.
 92105 | Elf:3    | Found a runed translucent gate.
 92105 | Elf:3    | Found a viscous altar of Jiyva.
 92105 | Elf:3    | Noticed bearlyready's ghost (adept GnRe)
 92105 | Elf:3    | Identified the +6 quarterstaff "Deremi" {drain, rC+ rCorr}
 92373 | Elf:3    | Found Jeoseras's Specific Store.
 92436 | Elf:3    | Found Neezug's General Store.
 92941 | Elf:3    | Reached XP level 19. HP: 91/122 MP: 9/46
 93613 | Elf:3    | Identified the +6 battleaxe of Law {flame, rElec rN+ rCorr
                  | Dex-4}
 94240 | Elf:3    | Identified the +2 whip of Conscience {elec, rElec rC+
                  | Int-2}
 94270 | Elf:3    | Identified the +1 great sword of Uskayaw's Respect {freeze,
                  | +Blink}
 94280 | Elf:3    | Identified the +6 quarterstaff of Havoc {elec, rElec}
 94335 | Elf:3    | Identified the cursed +2 pair of boots of Ashenzari's Shame
                  | {Fly, Comp, Alch} (You found it on level 8 of the Dungeon)
 94719 | Elf:3    | Identified the +9 chain mail of the Five Yaks {rN+}
 94737 | Elf:3    | Identified the staff of poison "Ecielen" {rPois Int-3
                  | Dex+7}
 94737 | Elf:3    | Found the +3 crown of Dyrovepreva {rElec Int+2 SInv}
 94748 | Elf:3    | Identified the staff of fire "Tawkam" {rF+ Will+}
 94749 | Elf:3    | Identified the staff of poison "Yjiethrutt" {Drain rPois
                  | rCorr Dex+3}
 94906 | Elf:3    | Identified the Codex of Nocuous Gases
 94911 | Elf:3    | Identified the staff of conjuration "Piocvodo" {rElec SInv
                  | Stlth-}
 95178 | Elf:3    | Learned a level 5 spell: Borgnjor's Vile Clutch
 95995 | Elf:3    | Killed bearlyready's ghost
 96788 | D:3      | Killed kaesle's ghost
 97070 | D:11     | Killed STONEBUILDER's ghost
 98275 | Lair:5   | Killed laqueoix's ghost
 98583 | Spider:3 | Killed Esekla's ghost
 99063 | Vaults:1 | Entered Level 1 of the Vaults
 99393 | Vaults:1 | Noticed Nikola
 99408 | Vaults:1 | Killed Nikola
100982 | Vaults:1 | Reached skill level 15 in Necromancy
101024 | Vaults:1 | Reached XP level 20. HP: 25/130 MP: 2/46
104447 | Vaults:2 | Reached skill level 18 in Spellcasting
105396 | Vaults:2 | Found a staircase to the Crypt.
105569 | Vaults:2 | Learned a level 4 spell: Animate Dead
105574 | Vaults:2 | Learned a level 4 spell: Olgreb's Toxic Radiance
106774 | Vaults:3 | Reached skill level 19 in Spellcasting
107300 | Vaults:3 | Found Uxkuemae's Antique Weapon Shoppe.
108262 | Vaults:3 | Reached XP level 21. HP: 137/137 MP: 39/49
109847 | Vaults:4 | Reached skill level 10 in Poison Magic
109949 | Vaults:4 | Reached skill level 5 in Staves
111328 | Vaults:4 | Identified the +4 hat of Henotheism {rF+ Int-2 Dex+9 SInv}
111346 | Vaults:4 | Found a radiant altar of Vehumet.
111347 | Vaults:4 | Identified the -1 hat of Iseow {rF+ Stlth+}
111368 | Vaults:4 | Identified the +0 hat "Cuinwo" {rF- Regen+ Dex+10}
111960 | Vaults:4 | Reached skill level 20 in Spellcasting
112553 | Vaults:4 | Found Enneinam's Book Emporium.
112980 | D:10     | Learned a level 6 spell: Iron Shot
115334 | Vaults:5 | Entered Level 5 of the Vaults
115814 | Vaults:5 | Noticed a golden dragon
116212 | Vaults:5 | Shot with a bolt by a yaktaur

Illustrated notes

Levels and vault maps discovered:
D:1:      lightli_arrival_quake, layout_basic, shapermc_ecumenical_altar_ellora,
          serial_bayou_pond_c, grunt_decor_fettered, nicolae_shop_vocational
D:2:      layout_basic, uniq_sigmund
D:3:      layout_basic, gammafunk_ghost_split, chequers_serial_rivers_large_b,
          uniq_robin, uniq_grinder
D:4:      layout_loops_ring, lemuel_coloured_pillars_altar, serial_shops, shop,
          nicolae_shop_competitors_out_of_business, nicolae_shop_trees,
          minmay_statues_item
D:5:      layout_loops_ring, slow_altar_1, minmay_temple_entry_purple_smoke
D:6:      nicolae_cairo_tiling_very_big, layout_cave_pods
D:7:      layout_gridville, minmay_misc_feat_plants
D:8:      layout_loops_cross, lair_entry_dummy, ebering_ghost_inner_flame,
          uniq_psyche
D:9:      nzn_winding_woodlands_stair_cross [nzn_winding_woodlands_5x15_garden,
          nzn_winding_woodlands_center_lodge,
          nzn_winding_woodlands_5x15_default, nzn_winding_woodlands_5x5_three,
          nzn_winding_woodlands_5x5_cross, nzn_winding_woodlands_5x15_pockets,
          nzn_winding_woodlands_center_garden, nzn_winding_woodlands_5x15_eye],
          layout_cave_pods
D:10:     layout_rooms, hiddenorc2_lemuel, serial_corexii_hall,
          corexii_hall_statues_x, corexii_hall_statues_x,
          corexii_hall_statues_i, corexii_hall_statues_l, st_stairs_10,
          nicolae_shop_dragon_depot
D:11:     layout_stronghold, gammafunk_ghost_berserking_beasts, serial_glass,
          glass_columns_b, glass_columns_b, glass_columns_a, glass_columns_c,
          glass_columns_b, glass_columns_b, glass_columns_a, glass_columns_c,
          glass_columns_a, glass_columns_a, glass_columns_a, glass_columns_b,
          glass_columns_a, glass_columns_a, tgw_trog, uniq_josephine
D:12:     layout_loops_ring, minmay_radiant, uniq_azrael, uniq_jorgrun
D:13:     layout_rooms, nicolae_vehumet_altar_sigil, uniq_maurice
D:14:     layout_cave_pools, david_vaults_4, pdpol_wu_jian_five_deadly_venoms,
          statue_in_the_mist_lemuel
D:15:     grunt_enter_depths_snipers, layout_basic, basic_altar,
          grunt_ministairs_14, minmay_sticks_and_stones
Temple:   mainiacjoe_temple_big_plus
Lair:1:   gammafunk_indiana_jones, layout_cave_pods, serial_bayou_ford_a,
          minivault_23, eino_small_chamber_without_monster, beast_lair_carwin_6,
          uniq_joseph
Lair:2:   layout_small_grid, skrybe_swamp_entry_bodies, st_stairs_6,
          grunt_megastairs_1, uniq_harold
Lair:3:   layout_cave_pods, spider_nest_entry_webs,
          amcnicky_altar_lugonu_corruption
Lair:4:   layout_regular_city, slime_entry_1, serial_bayou_shore_b,
          grunt_megastairs_5, lemuel_fruit_fields, infiniplex_staircase_pool
Lair:5:   wormcave, layout_misc_corridors, gammafunk_ghost_hive,
          pdpol_lair_neglected_garden
Swamp:1:  nicolae_swamp_standing_stones, layout_basic_swamp,
          nicolae_swamp_fairy_circle, ldierk_geyser
Swamp:2:  layout_falls_marsh, evilmike_swamp_ruin_house_6
Swamp:3:  layout_basic_swamp, evilmike_swamp_ruin_house_4, swamp_pool1,
          nicolae_swamp_well_well_well
Swamp:4:  swamp_alternative, layout_basic_swamp
Spider:1: layout_spider_delve
Spider:2: cheibrodos_spider_deadly_dance, spiders_nest_hornet_nest
Spider:3: layout_spider_delve, gammafunk_ghost_grave
Spider:4: guppyfry_spider_rune
Orc:1:    layout_diamond_mine
Orc:2:    hellmonk_orc_salted, layout_caves, minmay_orc_keep
Elf:1:    eino_elf_arrival_altar, layout_rooms, serial_corexii_hall,
          corexii_hall_statues_s, corexii_hall_statues_s,
          hangedman_elven_crosses_minicolossus
Elf:2:    nicolae_elf_blades_splatter_lattice [mumra_blade_entry_bloodbath],
          layout_onion_city, serial_shops, nicolae_shop_tiny_glass
Elf:3:    minmay_elf_hall_circle, layout_loops_ring, gammafunk_ghost_ooze,
          mu_enter_wizlab_5, nicolae_specific_store
Vaults:1: ontoclasm_vaults_decontamination, ontoclasm_vaults_shuriken,
          nicolae_vaults_two_Ls, v_misc_16, hangedman_vaults_snaps,
          nicolae_vaults_stairing_the_circle, v_rooms_1,
          vaults_room_ringed_pool, v_alt_pattern_5, vaults_dpeg_ring,
          layout_vaults_chaotic_city, uniq_nikola
Vaults:2: v_misc_13, vaults_room_stairs_pillars,
          minmay_crypt_entry_simple_corners, nicolae_vaults_little_ls,
          hangedman_vaults_corner, nicolae_vaults_wine_cellar, v_misc_9,
          layout_vaults_quadrants
Vaults:3: nicolae_vaults_stepped_doors, nicolae_vaults_little_squares_4,
          ontoclasm_vaults_echo, nicolae_vaults_twisting_passages,
          nicolae_vaults_tangram_1, hangedman_vaults_stitches, vaults_room_grid,
          nicolae_vaults_diagonal_hallway_6, vaults_room_grunt_arrival_ludios,
          vaults_room_fours, dpeg_vaults_monster_box, layout_vaults_omnicross,
          serial_shops, nicolae_shop_real_fake_doors
Vaults:4: grunt_tower_of_power, nicolae_vaults_back_hallway,
          nicolae_vaults_hallways_thing, vaults_mumra_hexcomb, v_misc_11,
          hangedman_vaults_stagger, vaults_room_grid, vaults_room_semicircle,
          nicolae_vaults_heart-shaped_vault, layout_vaults_ring, serial_shops,
          shop
Vaults:5

Skill      XL: |  1  2  3  4  5  6  7  8  9 10 11 12 13 14 15 16 17 18 19 20 21 |
---------------+----------------------------------------------------------------+-----
Conjurations   | 2 3 4 6 8 9 10 11 12 13 | 13.7
Stealth        | 4 7 9 10 | 10.8
Hexes          | 4 6 7 9 10 12 | 12.0
Translocations | 4 |  4.2
Spellcasting   | 5 6 8 11 12 13 14 17 19 20 | 20.0
Air Magic      | 1 5 6 7 10 | 10.8
Poison Magic   | 1 5 7 9 10 | 10.8
Necromancy     | 4 5 6 8 10 12 15 | 15.9
Earth Magic    | 1 3 6 7 8 10 11 | 11.8
Dodging        | 3 6 7 8 9 10 | 10.8
Short Blades   | 3 4 7 |  7.7
Evocations     | 1 2 6 7 9 |  9.1
Fighting       | 3 5 6 7 8 9 10 12 13 | 13.4
Shields        | 1 |  1.8
Transmutations | 5 8 |  8.8
Armour         | 3 5 |  5.0
Summonings     | 6 |  6.0
Ranged Weapons | 4 8 |  8.7
Staves         | 3 4 7 |  7.7

Action                     |  1- 3 |  4- 6 |  7- 9 | 10-12 | 13-15 | 16-18 | 19-21 || total
---------------------------+-------+-------+-------+-------+-------+-------+-------++-------
  Melee: Dagger            |     2 |    11 |    97 |       |       |       |       ||   110
         Punch             |       |       |     3 |    11 |       |       |       ||    14
         Short sword       |       |       |    86 |   262 |   561 |   344 |    13 ||  1266
         Whip              |       |       |       |    97 |     3 |    13 |    12 ||   125
         Staff             |       |       |       |       |       |    14 |   458 ||   472
   Fire: Sling             |       |       |    29 |       |       |    56 |    16 ||   101
  Throw: Dart              |       |       |    11 |     5 |     3 |       |     5 ||    24
         Throwing net      |       |       |       |     2 |       |       |     2 ||     4
   Cast: Magic Dart        |   115 |    83 |   328 |   229 |   281 |   278 |    14 ||  1328
         Slow              |       |     3 |    22 |    39 |     7 |     1 |       ||    72
         Blink             |       |       |     8 |    11 |    42 |    20 |     7 ||    88
         Mephitic Cloud    |       |       |    13 |    69 |    76 |    12 |     6 ||   176
         Stone Arrow       |       |       |       |   168 |   259 |   169 |    99 ||   695
         Confusing Touch   |       |       |       |     2 |     5 |     2 |       ||     9
         Cigotuvi's Dreadf |       |       |       |     1 |       |       |       ||     1
         Lee's Rapid Decon |       |       |       |    13 |   109 |   220 |   176 ||   518
         Arcjolt           |       |       |       |    12 |   109 |   171 |   150 ||   442
         Dispel Undead     |       |       |       |     6 |    12 |       |    10 ||    28
         Fulminant Prism   |       |       |       |       |    21 |    16 |     7 ||    44
         Leda's Liquefacti |       |       |       |       |     9 |       |     3 ||    12
         Statue Form       |       |       |       |       |     2 |       |     2 ||     4
         Vhi's Electric Ch |       |       |       |       |     1 |     1 |     3 ||     5
         Summon Lightning  |       |       |       |       |       |    59 |     6 ||    65
         Airstrike         |       |       |       |       |       |       |    36 ||    36
         Animate Dead      |       |       |       |       |       |       |     4 ||     4
         Borgnjor's Vile C |       |       |       |       |       |       |    11 ||    11
         Olgreb's Toxic Ra |       |       |       |       |       |       |     8 ||     8
         Iron Shot         |       |       |       |       |       |       |     1 ||     1
 Invoke: Curse Item        |       |       |     5 |     3 |     1 |     2 |     2 ||    13
         Shatter the Chain |       |       |       |       |     1 |     1 |     2 ||     4
  Evoke: Wand              |       |       |     8 |     9 |    10 |    13 |    27 ||    67
         Box of beasts     |       |       |       |       |     3 |     1 |     2 ||     6
         Lightning rod     |       |       |       |       |       |       |     6 ||     6
         Tin of tremorston |       |       |       |       |       |       |     1 ||     1
    Use: Scroll            |     7 |     6 |     8 |     3 |     8 |     8 |    15 ||    55
         Potion            |     1 |     3 |     2 |     4 |     5 |     4 |     4 ||    23
   Stab: Confused          |       |       |     4 |    19 |    23 |     1 |     3 ||    50
         Sleeping          |       |       |       |    13 |    19 |     7 |     8 ||    47
         Paralysed         |       |       |       |     2 |       |       |       ||     2
         Distracted        |       |       |       |     1 |     1 |     7 |     2 ||    11
 Armour: Robe              |     5 |     6 |    46 |       |       |       |       ||    57
         Troll leather arm |       |       |    81 |   113 |   126 |       |       ||   320
         Skin              |       |       |       |       |    17 |       |    24 ||    41
         Swamp dragon scal |       |       |       |       |    28 |   341 |   297 ||   666
  Dodge: Dodged            |     8 |    25 |   185 |   260 |   365 |   408 |   310 ||  1561
  Block: Buckler           |       |       |       |     8 |   152 |   173 |   351 ||   684
         Reflection        |       |       |       |       |       |       |    32 ||    32
